 Dungeon Crawl Stone Soup version 0.25-a0-737-g26c3a87c45 (webtiles) character file.

Game seed: 4861230161659011816, levelgen mode: deterministic

201 Esekla the Slasher (level 5, -1/41 HPs)
             Began as a Barachi Warper on Apr 12, 2020.
             Was a Follower of Vehumet.
             Slain by a worker ant (6 damage)
             ... on level 3 of the Dungeon.
             The game lasted 00:41:47 (3824 turns).

Esekla the Slasher (Barachi Warper)                 Turns: 3824, Time: 00:41:47

Health: -1/41      AC:  6    Str: 12    XL:     5   Next: 79%
Magic:  1/9        EV: 13    Int: 17    God:    Vehumet [*.....]
Gold:   121        SH:  0    Dex: 12    Spells: 5/10 levels left

rFire    . . .     SeeInvis .   w - -3 short sword (curse)
rCold    . . .     Gourm    +   (no shield)
rNeg     + . .     Faith    .   m - +2 robe {rN+}
rPois    .         Spirit   .   (no helmet)
rElec    .         Reflect  .   (no cloak)
rCorr    .         Harm     .   p - +1 pair of gloves
MR       .....                  (no boots)
Stlth    +.........             g - amulet of the gourmand
HPRegen  0.13/turn              i - +3 ring of intelligence
MPRegen  0.11/turn              s - ring of flight

@: lethally poisoned (-1 -> -15), slow
A: +LOS, swims, slowness 1, strong legs 1
a: Hop, Renounce Religion, Evoke Flight


You were on level 3 of the Dungeon.
You worshipped Vehumet.
Vehumet was aware of your devotion.
You were hungry.

You visited 1 branch of the dungeon, and saw 4 of its levels.

You collected 121 gold pieces.

Inventory:

Hand Weapons
 a - a +0 falchion
 o - a +2 dagger of draining
 v - a +1 dagger of venom
 w - a cursed -3 short sword (weapon)
Missiles
 e - 5 boomerangs of dispersal
 q - 2 silver javelins (quivered)
Armour
 m - a +2 robe of positive energy (worn)
 p - a +1 pair of gloves (worn)
Jewellery
 g - an amulet of the gourmand (around neck)
 i - a +3 ring of intelligence (left hand)
 s - a ring of flight (right hand)
Scrolls
 d - 2 scrolls of blinking
 h - a scroll of identify
Potions
 c - 2 potions of flight
 j - a potion of berserk rage
 n - a potion of lignification
 r - a potion of heal wounds
Comestibles
 f - 10 rations


   Skills:
 + Level 3.4 Fighting
 + Level 0.1(2.2) Short Blades
 * Level 4.1 Long Blades
 + Level 1.4 Throwing
 + Level 1.5 Armour
 + Level 3.3 Dodging
 + Level 0.3 Stealth
 * Level 3.1 Spellcasting
 * Level 0.3 Conjurations
 * Level 1.5 Charms
 + Level 3.3 Translocations


You had 5 spell levels left.
You knew the following spells:

 Your Spells              Type           Power        Failure   Level  Hunger
b - Blink                 Tloc           N/A          7%          2    ##.....
d - Magic Dart            Conj           #...         16%         1    None
g - Shroud of Golubria    Chrm/Tloc      ##....       10%         2    ##.....

Your spell library contained the following spells:

 Spells                   Type           Power        Failure   Level  Hunger
 Gell's Gravitas          Tloc           ##........   13%         3    ###....
 Lesser Beckoning         Tloc           ##........   13%         3    ###....
 Teleport Other           Tloc           ##......     13%         3    ###....
 Passage of Golubria      Tloc           N/A          41%         4    ####...


Dungeon Overview and Level Annotations

Branches:
Dungeon (4/15)
 Temple: D:4-7

Altars:
Cheibriados
Vehumet

Annotations:
D:3 2 transporters


Innate Abilities, Weirdness & Mutations

You can be seen from farther away. (+LOS)
You can swim through water.
You cover ground slowly.
You can hop short distances.


Message History

You hit the worker ant but do no damage.
The worker ant is moderately wounded.
The worker ant completely misses you.
You hit the worker ant but do no damage.
The worker ant is moderately wounded.
The worker ant bites you.
You are more poisoned.
The worker ant poisons you!
Your shroud falls apart!
The worker ant bites you but does no damage.
You feel sick.
You feel sick. The worker ant bites you.
* * * LOW HITPOINT WARNING * * *
You are lethally poisoned!
The worker ant poisons you! The worker ant closely misses you.
* * * LOW HITPOINT WARNING * * *
You feel sick.
* * * LOW HITPOINT WARNING * * *
You feel sick. The worker ant bites you.
You die...

###.###..[..#..####.
#.##...#####.##...
#....#.# #.##...
##..#...# #......
#...#.#######..#...
#..#..###..[...#...
#..#[##...####.....
#....##)### ##.###
####@###..## #..##
##...a......## ##.##
##............##
#.##
#..............#
#.##
#.......!....).#
#...
#...>..........#
#...
#..............#
#...
#..............#
#...
##...........[##
#...


You could see a worker ant.

Vanquished Creatures
  2 orc wizards (D:3)
  5 adders
  2 worms (D:3)
  A dart slug (D:1)
  3 leopard geckos
  7 orcs (D:3)
  11 bats
  4 giant cockroaches
  16 goblins
  8 hobgoblins
  A quokka (D:2)
  2 ball pythons
  4 frilled lizards
  A jackal skeleton (D:4)
  7 kobolds
  9 rats
83 creatures vanquished.

Notes
Turn   | Place    | Note
-------+----------+-------------------------------------------
     0 | D:1      | Esekla the Barachi Warper began the quest for the Orb.
     0 | D:1      | Reached XP level 1. HP: 17/17 MP: 3/3
    74 | D:1      | Reached XP level 2. HP: 8/23 MP: 5/5
   536 | D:1      | Reached skill level 3 in Long Blades
   591 | D:1      | Reached XP level 3. HP: 25/28 MP: 6/6
   693 | D:1      | Learned a level 2 spell: Shroud of Golubria
   696 | D:1      | Learned a level 2 spell: Blink
  1348 | D:1      | Reached skill level 1 in Charms
  1470 | D:1      | Reached XP level 4. HP: 23/34 MP: 4/7
  1573 | D:2      | Found a radiant altar of Vehumet.
  1577 | D:2      | Became a worshipper of Vehumet
  1902 | D:2      | Found a snail-covered altar of Cheibriados.
  2164 | D:3      | Found a transporter.
  2629 | D:3      | Reached XP level 5. HP: 23/39 MP: 6/9
  2949 | D:3      | Found a transporter.
  3148 | D:3      | Reached * piety under Vehumet
  3148 | D:3      | Offered knowledge of Magic Dart by Vehumet.
  3159 | D:3      | Learned a level 1 spell: Magic Dart
  3227 | D:3      | Reached skill level 4 in Long Blades
  3824 | D:3      | Slain by a worker ant

Levels and vault maps discovered:
D:1:      dpeg_arrival_another_circle, layout_rooms, minmay_tall_x
D:2:      layout_rooms, lemuel_coloured_pillars_altar, vehumet_crystals,
          first_ration
D:3:      gammafunk_wand_slinger, layout_rooms, st_stairs_14,
          minmay_increasing_density
D:4:      layout_cave_pods, lemuel_zombie_altar_yredelemnul,
          serial_column_ruins, column_ruins_columns_T,
          column_ruins_columns_straight, column_ruins_open_medium,
          column_ruins_open_tiny, chequers_serial_rivers_micro_b,
          amethyst_killhole, trog_wizard

Skill      XL: |  1  2  3  4  5 |
---------------+----------------+-----
Long Blades    | 3 4 |  4.1
Charms         | 1 |  1.5
Dodging        | 3 |  3.3
Spellcasting   | 3 |  3.1
Fighting       | 3 |  3.4
Short Blades   | |  0.1
Throwing       | |  1.4
Armour         | |  1.5
Stealth        | |  0.3
Conjurations   | |  0.3
Translocations | |  3.3

Action                   |  1- 3 |  4- 6 || total
-------------------------+-------+-------++-------
Melee: Falchion          |   129 |   146 ||   275
       Short sword       |       |    40 ||    40
       Dagger            |       |    25 ||    25
Throw: Javelin           |       |     7 ||     7
 Cast: Shroud of Golubri |     4 |    15 ||    19
       Magic Dart        |       |    27 ||    27
 Abil: Hop               |     2 |     3 ||     5
  Use: Scroll            |       |     9 ||     9
  Eat: Chunk             |     3 |     8 ||    11
Armor: Leather armour    |    38 |       ||    38
       Robe              |    17 |    69 ||    86
Dodge: Dodged            |   112 |   161 ||   273
       Rpst.: Falchion   |    30 |    33 ||    63

Table legend:
 A = Non-vault XP
 B = Vault XP
 C = Vault XP percentage of total XP
 D = Non-vault monster count
 E = Vault monster count
 F = Vault count percentage of total count
                 A         B        C        D         E       F
            +---------+---------+-------+---------+---------+-------
      Total |     258 |      30 |  10.4 |      73 |      10 |  12.0
            +---------+---------+-------+---------+---------+-------
        D:1 |      78 |       8 |   9.3 |      33 |       4 |  10.8
        D:2 |      46 |       0 |   0.0 |      13 |       0 |   0.0
        D:3 |     133 |      22 |  14.2 |      26 |       6 |  18.8
        D:4 |       1 |       0 |   0.0 |       1 |       0 |   0.0
            +---------+---------+-------+---------+---------+-------
